Map: Ulrena

Players

ImmortalZodd

  • Race: Zerg Zerg
  • League: Silver

DeadPool - Winner!

  • Race: Zerg Zerg
  • League: Gold

VOD

Have the link to the VOD?

Description

Time

  • Played on: Jan. 29, 2016, 10:08 p.m.
  • Length: 2:42
Show
View Real Time Build Order
Export as new Build Order

ImmortalZodd Zerg 

Build Orders: Pool First 

Get SALT Encoding   

  12  0:01  Drone  
  13  0:09  Drone  
  14  0:14  Extractor  
  14  0:15  Drone  
  15  0:22  Overlord  
  15  0:42  Drone, Spawning Pool  
  15  0:45  Drone  
  15  0:49  Drone  
  17  0:56  Drone  
  18  1:16  Hatchery  
  17  1:36  Extractor  
  16  1:56  Zergling x6  
  13  2:10  Zergling x2  
  11  2:19  Zergling x2  
Show
View Real Time Build Order
Export as new Build Order

DeadPool Zerg - Winner!

Build Orders: Pool Only 

Get SALT Encoding   

  12  0:20  Spawning Pool  
  11  0:23  Drone  
  12  0:31  Overlord  
  12  0:37  Drone  
  13  1:08  Zergling x2  
  13  1:09  Zergling x4  
  16  1:13  Spine Crawler  
  15  1:21  Zergling x2  
  15  1:24  Queen  
  19  1:38  Spine Crawler  
  18  1:42  Zergling x2  
  18  1:43  Zergling x2  
  20  1:51  Spine Crawler  
  19  1:59  Zergling x2  
  20  2:12  Zergling x2  
Tags
 
Add a new tag
Caveats
  • Supply blocks, unpowered buildings, or Contaminate may cause inaccurate times.
  • Supply counts are checked every 10 seconds.